 Dungeon Crawl Stone Soup version 0.29-a0-206-g4a66f2e2b5 (webtiles) character file.

Game seed: 591108846936344332

13791 Crownlay the Frost Mage (level 12, -17/89 HPs)
             Began as a Gnoll Ice Elementalist on Feb 23, 2022.
             Was a Priest of Uskayaw.
             Demolished by Rupert
             ... wielding a +2 vorpal battleaxe
              (37 damage)
             ... on level 12 of the Dungeon.
             The game lasted 00:36:09 (13497 turns).

Crownlay the Frost Mage (Gnoll Ice Elementalist)   Turns: 13497, Time: 00:36:10

Health: -17/89     AC: 18    Str:  8    XL:     12   Next: 9%
Magic:  21/33      EV: 16    Int: 18    God:    Uskayaw [***...]
Gold:   691        SH:  0    Dex: 14    Spells: 17/28 levels left

rFire   . . .      SeeInvis +   F - +4 scimitar (flame)
rCold   . . .      Faith    .   (no shield)
rNeg    . . .      Spirit   .   U - +3 robe "Fitonum" {Fly}
rPois   .          Reflect  .   r - +1 helmet {SInv}
rElec   .          Harm     .   (no cloak)
rCorr   .          Rampage  .   Q - +0 pair of gloves
Will    .....                   G - +0 pair of boots
Stlth   ++++......              s - amulet of regeneration
HPRegen 1.04/turn               A - ring of magical power
MPRegen 0.23/turn               (no ring)

@: ice-armoured, freezing walls, flying
A: fangs 1, strong nose, distributed training
a: Renounce Religion, Stomp, Line Pass


You were on level 12 of the Dungeon.
You worshipped Uskayaw.
Uskayaw was noncommittal.
You visited 2 branches of the dungeon, and saw 13 of its levels.

You collected 1049 gold pieces.
You spent 358 gold pieces at shops.

Inventory:

Hand Weapons
 z - a +0 shortbow
 F - a +4 scimitar of flaming (weapon)
 M - a +2 vorpal spear
Missiles
 f - 3 javelins
Armour
 i - an orb of energy
 r - a +1 helmet of see invisible (worn)
 D - a +1 robe of resistance
 E - a +2 robe of fire resistance
 G - a +0 pair of boots (worn)
 Q - a +0 pair of gloves (worn)
 U - the +3 robe "Fitonum" (worn) {Fly}
   (You bought it in a shop on level 3 of the Dungeon)

   Fly:       It grants you flight.
Magical Staves
 b - a staff of conjuration
 O - a staff of cold
Jewellery
 g - a ring of fire
 j - an amulet of the acrobat
 s - an amulet of regeneration (around neck)
 A - a ring of magical power (left hand)
 L - a ring of positive energy
 T - a ring of ice
Wands
 y - a wand of charming (13)
 B - a wand of digging (2)
 K - a wand of iceblast (3)
 P - a wand of polymorph (5)
 S - a wand of flame (15)
Scrolls
 a - a scroll of summoning {unknown}
 d - 2 scrolls of enchant weapon
 k - a scroll of teleportation
 l - a scroll of fear {unknown}
 m - 2 scrolls of magic mapping
 n - a scroll of holy word {unknown}
 q - 2 scrolls of identify
 u - 2 scrolls of vulnerability
 x - a scroll of amnesia {unknown}
 C - a scroll of enchant armour {unknown}
 H - a scroll of brand weapon {unknown}
 J - 2 scrolls of noise {unknown}
 R - a scroll of fog {unknown}
Potions
 c - 4 potions of cancellation
 e - 6 potions of curing
 h - 2 potions of attraction
 o - 2 potions of might
 p - 4 potions of flight
 t - a potion of resistance {unknown}
 v - 2 potions of haste
 w - 2 potions of brilliance
 N - a potion of heal wounds {unknown}
 V - a potion of degeneration {unknown}


   Skills:
 + Level 6.9 Fighting
 + Level 6.9 Short Blades
 + Level 6.9 Long Blades
 + Level 6.9 Axes
 + Level 6.9 Maces & Flails
 + Level 6.9 Polearms
 + Level 6.9 Staves
 + Level 6.9 Slings
 + Level 6.9 Bows
 + Level 6.9 Crossbows
 + Level 6.9 Throwing
 + Level 6.9 Armour
 + Level 8.4 Dodging
 + Level 8.2 Stealth
 + Level 6.9 Shields
 + Level 6.9 Unarmed Combat
 + Level 8.6 Spellcasting
 + Level 5.7 Conjurations
 + Level 5.7 Hexes
 + Level 5.7 Summonings
 + Level 5.7 Necromancy
 + Level 5.7 Translocations
 + Level 5.7 Transmutations
 + Level 5.7 Fire Magic
 + Level 9.2 Ice Magic
 + Level 5.7 Air Magic
 + Level 5.7 Earth Magic
 + Level 5.7 Poison Magic
 + Level 7.6 Invocations
 + Level 6.9 Evocations


You had 17 spell levels left.
You knew the following spells:

 Your Spells              Type           Power      Damage    Failure   Level
a - Freeze                Ice            100%       1d11      1%          1
b - Frozen Ramparts       Ice            82%        1d10      1%          3
c - Ozocubu's Armour      Ice            41%        N/A       1%          3
d - Hailstorm             Conj/Ice       34%        3d9       4%          4

Your spell library contained the following spells:

 Spells                   Type           Power      Damage    Failure   Level
 Corpse Rot               Necr/Air       56%        N/A       1%          2
 Poisonous Vapours        Pois/Air       56%        N/A       1%          2
 Scorch                   Fire           56%        2d8       1%          2
 Sublimation of Blood     Necr           28%        N/A       1%          2
 Flame Wave               Conj/Fire      28%        2d8       9%          4
 Petrify                  Tmut/Erth      28%        N/A       9%          4
 Irradiate                Conj/Tmut      14%        3d18      24%         5
 Summon Cactus Giant      Summ           14%        N/A       78%         6


Dungeon Overview and Level Annotations

Branches:
Dungeon (12/15)            Temple (1/1) D:7            Lair (0/6) D:10
    Orc (0/2) D:11

Altars:
Ashenzari
Cheibriados
Dithmenos
Elyvilon
Fedhas
Gozag
Hepliaklqana
Kikubaaqudgha
Makhleb
Nemelex Xobeh
Okawaru
Qazlal
Ru
Sif Muna
Trog
Uskayaw
Vehumet
Wu Jian
Xom
Yredelemnul
Zin
The Shining One

Shops:
D:3 [   D:12 *(

Annotations:
D:4 1 runed translucent door, p0werm0de's ghost, novice DsBe
D:12 Gastronok; Rupert


Innate Abilities, Weirdness & Mutations

You have very sharp teeth.
Your uncanny sense of smell can sniff out nearby items.
Your experience applies equally to all skills.


Message History

The hail pelts Rupert!
Rupert is moderately wounded.
The wall freezes Rupert. x2; Rupert closely misses you.
You closely miss Rupert.
Rupert is moderately wounded.
The wall freezes Rupert but does no damage.
Rupert hits you with a +2 vorpal battleaxe!!
You hit Rupert. You burn Rupert.
Rupert is moderately wounded.
The wall freezes Rupert!
Rupert completely misses you.
The wall freezes Rupert!
Rupert hits you with a +2 vorpal battleaxe!
You slash Rupert! You burn Rupert.
Rupert is heavily wounded.
The wall freezes Rupert.
Rupert barely misses you.
The wall freezes Rupert.
Rupert closely misses you.
Uskayaw will force your foes to helplessly watch your dance.
Uskayaw prepares the audience for your solo!
The helpless Rupert fails to defend himself.
You slash Rupert! You burn Rupert.
Rupert is severely wounded.
Rupert is no longer paralysed.
The wall freezes Rupert.
Rupert misses you.
You hit Rupert. You burn Rupert. You punch Rupert.
Rupert is severely wounded.
The wall freezes Rupert.
Rupert hits you with a +2 vorpal battleaxe!
The wall freezes Rupert.
Rupert hits you with a +2 vorpal battleaxe!!
* * * LOW HITPOINT WARNING * * *
You are too injured to fight recklessly!
You are too injured to fight recklessly!
You barely miss Rupert.
Rupert is severely wounded.
The wall freezes Rupert but does no damage.
Rupert hits you with a +2 vorpal battleaxe.
* * * LOW HITPOINT WARNING * * *
x2 You hit Rupert.
You burn Rupert.
Rupert is severely wounded.
The wall freezes Rupert.
Rupert barely misses you.
The wall freezes Rupert!
Rupert hits you with a +2 vorpal battleaxe!!!
You die...

#..# #..# #.# .# . #..#
#.# ..# .. #..# #.# ..#
... #..# #.###..# ....
#..# #......# .#
.....#.@####......# ..#
.
........@.........#...#
.
..................#...#
.....#...###..........##
.... #...#
#..........##. ... #...#
#......##..##. .. #...#
#......##.. . #...#
#......##.# #...#
#......##.# #...#
#......##.# #.


You could see Rupert (berserk).

Vanquished Creatures
  A hydra (D:11)
  7 two-headed ogres
  Erica (D:8)
  Lodul (D:10)
  4 centaur zombies
  2 kobold demonologists
  A meliai zombie (D:6)
  A shadow (D:11)
  2 wraiths
  A basilisk (D:11)
  3 orc warriors
  2 black bears
  A sky beast (D:6)
  7 ogres
  2 wolves (D:10)
  4 centaurs
  A phantom (D:5)
  3 bullfrogs
  21 kobold brigands
  A gnoll sergeant (D:9)
  A water moccasin zombie (D:6)
  2 water moccasin skeletons (D:5)
  6 killer bees
  5 howler monkeys
  11 wights
  2 electric eels (D:10)
  2 bullfrog skeletons
  7 hounds
  3 jellies
  3 orc priests
  Ijyb (D:4)
  2 iguanas
  6 orc wizards
  A killer bee zombie (D:7)
  A hound zombie (D:5)
  3 howler monkey zombies (D:9)
  2 gnolls (D:9)
  7 adders
  A dart slug (D:5)
  39 orcs
  8 endoplasms
  3 giant cockroaches
  9 goblins
  7 hobgoblins
  A quokka (D:3)
  10 ball pythons
  7 bats
  4 frilled lizards
  13 kobolds
  8 rats
241 creatures vanquished.

Vanquished Creatures (collateral kills)
  2 white imps (D:6)
2 creatures vanquished.

Vanquished Creatures (others)
  15 fungi (D:8)
15 creatures vanquished.

Grand Total: 258 creatures vanquished

Notes
Turn   | Place    | Note
-------+----------+-------------------------------------------
     0 | D:1      | Crownlay the Gnoll Ice Elementalist began the quest for the
                  | Orb.
     0 | D:1      | Reached XP level 1. HP: 13/13 MP: 6/6
   110 | D:1      | Reached XP level 2. HP: 13/19 MP: 4/7
   699 | D:1      | Reached XP level 3. HP: 25/25 MP: 6/9
   706 | D:1      | Reached skill level 5 in Spellcasting
   721 | D:1      | Learned a level 3 spell: Frozen Ramparts
   725 | D:1      | Learned a level 3 spell: Ozocubu's Armour
  1103 | D:1      | Noticed an ogre
  1179 | D:2      | Reached skill level 1 in Invocations
  1469 | D:2      | Reached skill level 1 in Fighting
  1469 | D:2      | Reached skill level 1 in Short Blades
  1469 | D:2      | Reached skill level 1 in Long Blades
  1469 | D:2      | Reached skill level 1 in Axes
  1469 | D:2      | Reached skill level 1 in Maces & Flails
  1469 | D:2      | Reached skill level 1 in Polearms
  1469 | D:2      | Reached skill level 1 in Staves
  1469 | D:2      | Reached skill level 1 in Slings
  1469 | D:2      | Reached skill level 1 in Bows
  1469 | D:2      | Reached skill level 1 in Crossbows
  1469 | D:2      | Reached skill level 1 in Throwing
  1469 | D:2      | Reached skill level 1 in Armour
  1469 | D:2      | Reached skill level 1 in Shields
  1469 | D:2      | Reached skill level 1 in Unarmed Combat
  1469 | D:2      | Reached skill level 1 in Evocations
  1973 | D:3      | Reached XP level 4. HP: 32/32 MP: 9/11
  2731 | D:3      | Found a faded altar of an unknown god.
  2795 | D:3      | Found Lympoc's Antique Armour Emporium.
  2938 | D:4      | Reached skill level 1 in Conjurations
  2938 | D:4      | Reached skill level 1 in Hexes
  2938 | D:4      | Reached skill level 1 in Summonings
  2938 | D:4      | Reached skill level 1 in Necromancy
  2938 | D:4      | Reached skill level 1 in Translocations
  2938 | D:4      | Reached skill level 1 in Transmutations
  2938 | D:4      | Reached skill level 1 in Fire Magic
  2938 | D:4      | Reached skill level 1 in Air Magic
  2938 | D:4      | Reached skill level 1 in Earth Magic
  2938 | D:4      | Reached skill level 1 in Poison Magic
  3106 | D:4      | Reached XP level 5. HP: 37/37 MP: 9/12
  3173 | D:4      | Noticed Ijyb
  3201 | D:4      | Killed Ijyb
  3425 | D:4      | Reached XP level 6. HP: 43/44 MP: 6/13
  3487 | D:4      | Found a runed translucent door.
  3488 | D:4      | Noticed p0werm0de's ghost (novice DsBe)
  3534 | D:4      | Found a blossoming altar of Fedhas.
  3545 | D:4      | Reached skill level 5 in Dodging
  4040 | D:5      | Entered Level 5 of the Dungeon
  4128 | D:5      | Found a radiant altar of Vehumet.
  4476 | D:5      | Reached XP level 7. HP: 16/50 MP: 15/15
  4769 | D:5      | Reached skill level 5 in Stealth
  5540 | D:6      | Reached XP level 8. HP: 50/57 MP: 9/16
  6754 | D:6      | Learned a level 4 spell: Hailstorm
  7128 | D:7      | Found a staircase to the Ecumenical Temple.
  7142 | Temple   | Entered the Ecumenical Temple
  7226 | Temple   | Became a worshipper of Uskayaw the Reveller
  7266 | D:7      | Reached * piety under Uskayaw
  7466 | D:7      | Reached ** piety under Uskayaw
  7527 | D:7      | Found a snail-covered altar of Cheibriados.
  7539 | D:7      | Found a sacrificial altar of Ru.
  7628 | D:7      | Reached XP level 9. HP: 65/65 MP: 18/18
  8031 | D:7      | HP: 2/65 [killer bee (3)]
  8627 | D:8      | Reached *** piety under Uskayaw
  8631 | D:8      | Reached skill level 8 in Ice Magic
  8899 | D:8      | Noticed Erica
  8909 | D:8      | Killed Erica
  8910 | D:8      | Reached skill level 5 in Invocations
  9024 | D:8      | Found an ornate altar of the Wu Jian Council.
  9790 | D:7      | Found a hazy altar of Hepliaklqana.
  9790 | D:7      | Found a bloodstained altar of Trog.
 10136 | D:9      | Reached **** piety under Uskayaw
 10237 | D:9      | Reached XP level 10. HP: 45/73 MP: 20/20
 10317 | D:9      | Noticed a two-headed ogre
 10327 | D:9      | Killed a two-headed ogre
 10328 | D:9      | Reached skill level 5 in Fighting
 10328 | D:9      | Reached skill level 5 in Short Blades
 10328 | D:9      | Reached skill level 5 in Long Blades
 10328 | D:9      | Reached skill level 5 in Axes
 10328 | D:9      | Reached skill level 5 in Maces & Flails
 10328 | D:9      | Reached skill level 5 in Polearms
 10328 | D:9      | Reached skill level 5 in Staves
 10328 | D:9      | Reached skill level 5 in Slings
 10328 | D:9      | Reached skill level 5 in Bows
 10328 | D:9      | Reached skill level 5 in Crossbows
 10328 | D:9      | Reached skill level 5 in Throwing
 10328 | D:9      | Reached skill level 5 in Armour
 10328 | D:9      | Reached skill level 5 in Shields
 10328 | D:9      | Reached skill level 5 in Unarmed Combat
 10328 | D:9      | Reached skill level 5 in Evocations
 10353 | D:9      | Found a sparkling altar of Nemelex Xobeh.
 10465 | D:9      | Reached ***** piety under Uskayaw
 10774 | D:9      | Found an iron altar of Okawaru.
 10944 | D:10     | Entered Level 10 of the Dungeon
 10946 | D:10     | Found a stormy altar of Qazlal.
 11202 | D:10     | Noticed a kobold demonologist
 11211 | D:10     | Killed a kobold demonologist
 11256 | D:10     | Noticed a two-headed ogre
 11258 | D:10     | Noticed a two-headed ogre
 11258 | D:10     | Noticed a two-headed ogre
 11260 | D:10     | Noticed a two-headed ogre
 11260 | D:10     | Noticed a two-headed ogre
 11261 | D:10     | Noticed Lodul
 11307 | D:10     | Killed a two-headed ogre
 11308 | D:10     | Reached XP level 11. HP: 63/81 MP: 22/22
 11315 | D:10     | Noticed a two-headed ogre
 11318 | D:10     | Killed Lodul
 11322 | D:10     | Killed a two-headed ogre
 11323 | D:10     | Reached skill level 5 in Conjurations
 11323 | D:10     | Reached skill level 5 in Hexes
 11323 | D:10     | Reached skill level 5 in Summonings
 11323 | D:10     | Reached skill level 5 in Necromancy
 11323 | D:10     | Reached skill level 5 in Translocations
 11323 | D:10     | Reached skill level 5 in Transmutations
 11323 | D:10     | Reached skill level 5 in Fire Magic
 11323 | D:10     | Reached skill level 5 in Air Magic
 11323 | D:10     | Reached skill level 5 in Earth Magic
 11323 | D:10     | Reached skill level 5 in Poison Magic
 11323 | D:10     | Killed a two-headed ogre
 11323 | D:10     | Reached ****** piety under Uskayaw
 11327 | D:10     | Killed a two-headed ogre
 11330 | D:10     | HP: 1/81 [two-headed ogre/+0 dire flail (9)]
 11332 | D:10     | Killed a two-headed ogre
 11333 | D:10     | Reached skill level 9 in Ice Magic
 11541 | D:10     | Found a staircase to the Lair.
 11625 | D:10     | Killed a two-headed ogre
 12094 | D:11     | Found a staircase to the Orcish Mines.
 12115 | D:11     | Noticed a seven-headed hydra
 12121 | D:11     | Killed a five-headed hydra
 12122 | D:11     | Reached XP level 12. HP: 89/89 MP: 19/24
 12843 | D:12     | Noticed Gastronok
 12866 | D:12     | Found Otwabb's Antique Weapon Emporium.
 13074 | D:3      | Bought a fabulously ornate robe for 165 gold pieces
 13074 | D:3      | Identified the +3 robe "Fitonum" {Fly} (You bought it in a
                  | shop on level 3 of the Dungeon)
 13452 | D:12     | Found Eproz's Assorted Antiques.
 13455 | D:12     | Bought a grey potion for 25 gold pieces
 13455 | D:12     | Bought a scroll of identify for 56 gold pieces
 13455 | D:12     | Bought a scroll labelled DUXESAI XEHU for 28 gold pieces
 13455 | D:12     | Bought a scroll of identify for 56 gold pieces
 13455 | D:12     | Bought a scroll labelled ZASMIHA URHO for 28 gold pieces
 13482 | D:12     | Noticed Rupert
 13497 | D:12     | Demolished by Rupert

Illustrated notes

Levels and vault maps discovered:
D:1:      evilmike_arrival_come_back, layout_basic, minmay_misc_feat_nine_boxes
D:2:      layout_basic, chequers_serial_rivers_micro_d, grunt_ministairs_3
D:3:      layout_loops_ring, serial_shops, nicolae_shop_hallway_stairs,
          shapermc_ecumenical_altar_mp_vishouse, chequers_avenue,
          minmay_liquid_box, st_stairs_7
D:4:      layout_loops_cross, amcnicky_altar_gilded, gammafunk_ghost_grave,
          small_statue_intersection, uniq_ijyb
D:5:      layout_basic, mainiacjoe_overflow_six_doors_small
D:6:      layout_layer_cave
D:7:      layout_basic, mainiacjoe_overflow_big_doors,
          nicolae_overflow_hidden_temple, minmay_temple_entry_drinking_statues,
          grunt_tough_drop
D:8:      layout_loops_corners, mainiacjoe_overflow_chevrons,
          minmay_door_square, uniq_erica
D:9:      layout_roguey, okawaru_ov_weapons_minmay, marbit_many_paths
D:10:     layout_cave_pools, mainiacjoe_overflow_alcove_2, erik_lair_island,
          uniq_lodul
D:11:     layout_roguey [special_room_kobold], orc_0_dummy
D:12:     layout_long_grid, serial_shops, kennysheep_mini, nicolae_diamond_shop,
          uniq_psyche, uniq_rupert, uniq_gastronok
Temple:   nicolae_temple_hex_pool

Skill      XL: |  1  2  3  4  5  6  7  8  9 10 11 |
---------------+----------------------------------+-----
Spellcasting   | 5 6 7 8 |  8.6
Invocations    | 1 2 3 4 5 6 7 |  7.6
Fighting       | 1 2 3 4 5 6 |  6.9
Short Blades   | 1 2 3 4 5 6 |  6.9
Long Blades    | 1 2 3 4 5 6 |  6.9
Axes           | 1 2 3 4 5 6 |  6.9
Maces & Flails | 1 2 3 4 5 6 |  6.9
Polearms       | 1 2 3 4 5 6 |  6.9
Staves         | 1 2 3 4 5 6 |  6.9
Slings         | 1 2 3 4 5 6 |  6.9
Bows           | 1 2 3 4 5 6 |  6.9
Crossbows      | 1 2 3 4 5 6 |  6.9
Throwing       | 1 2 3 4 5 6 |  6.9
Armour         | 1 2 3 4 5 6 |  6.9
Shields        | 1 2 3 4 5 6 |  6.9
Unarmed Combat | 1 2 3 4 5 6 |  6.9
Evocations     | 1 2 3 4 5 6 |  6.9
Conjurations   | 1 2 3 4 5 |  5.7
Hexes          | 1 2 3 4 5 |  5.7
Summonings     | 1 2 3 4 5 |  5.7
Necromancy     | 1 2 3 4 5 |  5.7
Translocations | 1 2 3 4 5 |  5.7
Transmutations | 1 2 3 4 5 |  5.7
Fire Magic     | 1 2 3 4 5 |  5.7
Air Magic      | 1 2 3 4 5 |  5.7
Earth Magic    | 1 2 3 4 5 |  5.7
Poison Magic   | 1 2 3 4 5 |  5.7
Dodging        | 5 6 7 8 |  8.4
Stealth        | 5 6 7 8 |  8.2
Ice Magic      | 8 9 |  9.2

Action                   |  1- 3 |  4- 6 |  7- 9 | 10-12 || total
-------------------------+-------+-------+-------+-------++-------
Melee: Unarmed           |    16 |       |       |       ||    16
       Bite              |     3 |    12 |    15 |    19 ||    49
       Punch             |     1 |     1 |     4 |     5 ||    11
       Staff             |       |    83 |   103 |       ||   186
       Scimitar          |       |       |       |   149 ||   149
 Fire: Shortbow          |       |       |   235 |   102 ||   337
Throw: Javelin           |       |       |     3 |       ||     3
 Cast: Freeze            |    51 |    28 |       |     3 ||    82
       Frozen Ramparts   |       |    14 |    34 |    34 ||    82
       Ozocubu's Armour  |       |     8 |    25 |    23 ||    56
       Hailstorm         |       |       |     4 |    15 ||    19
Evoke: Wand              |       |       |     4 |       ||     4
  Use: Scroll            |     5 |     1 |     3 |     5 ||    14
       Potion            |       |       |     2 |       ||     2
 Stab: Sleeping          |     1 |       |       |       ||     1
       Distracted        |     1 |       |       |       ||     1
       Paralysed         |       |       |       |    14 ||    14
Armor: Robe              |     7 |    32 |   130 |    77 ||   246
Dodge: Dodged            |    29 |    67 |   257 |   151 ||   504

Table legend: (Time is in decaauts)
 A = Elapsed time spent in this place.
 B = Non-inter-level travel time spent in this place.
 C = Inter-level travel time spent in this place.
 D = Time resting spent in this place.
 E = Time spent auto-exploring this place.
 F = Levels seen in this place.
 G = Mean time per level.
                   A        B        C        D        E       F      G
               +--------+--------+--------+--------+--------+-----+--------+
         Total |  13645 |  12074 |   1571 |     39 |   9058 |  13 | 1049.6 |
       Dungeon |  13540 |  11989 |   1551 |     39 |   8985 |  12 | 1128.3 |
        Temple |    104 |     84 |     20 |      0 |     73 |   1 |  104.0 |
               +--------+--------+--------+--------+--------+-----+--------+

Top non-repeatable levels by time:
     D:6: 1847 daAuts
     D:7: 1636 daAuts
     D:8: 1576 daAuts
     D:5: 1269 daAuts
     D:4: 1202 daAuts
     D:1: 1147 daAuts
    D:10: 1014 daAuts
     D:3: 1004 daAuts
    D:11: 966 daAuts
     D:9: 867 daAuts
     D:2: 800 daAuts
    D:12: 208 daAuts
  Temple: 104 daAuts
